[ AOE2 MATCH · #504582283 ]
UnrankedTupi vs Muisca
Player's team · WIN
Rival team · LOSS
[ REPLAY ANALYSIS · EXTRACTED FROM THE RECORDED GAME ]
Feudal
12:22
Castle
20:58
Imperial
40:16
| APM avg | 61.0 |
| APM peak | 113 |
| eAPM avg | 25.6 |
| Villagers / military | 145 / 15 |
Focus
⚔️ 31.5% · 🌾 68.5%
Unknown (2550) ×91 · Unknown (2579) ×21 · Mangonel ×6 · Trebuchet (Packed) ×6 · Monk ×3
Feudal
10:08
Castle
14:53
Imperial
38:52
| APM avg | 59.4 |
| APM peak | 96 |
| eAPM avg | 26.5 |
| Villagers / military | 172 / 61 |
Focus
⚔️ 29.5% · 🌾 70.5%
Monk ×48 · Unknown (2562) ×15 · Unknown (2586) ×9 · Scorpion ×5 · Battering Ram ×3 · Trebuchet (Packed) ×3
Match map
Initial resources + every placement click. Lines = walls · curves = elevation contours. ◆ gold · ⬟ stone · ● berries · ✦ relic · ◌ wall gap
Your base· Open — unwalled flank
shegin's base· Open — unwalled flank
Smoothed initial terrain · ◌ = detected wall gap · hover for details
Inputs per minute
— EbolasRider - - shegin
Build order — EbolasRider
First 150 of 496 actions detected
| 0:00 | Create | Villager (Male) |
| 0:01 | Create | Villager (Male) |
| 0:02 | Build | House |
| 0:03 | Build | House |
| 0:11 | Create | Villager (Male) |
| 0:26 | Create | Villager (Male) |
| 1:03 | Create | Villager (Male) |
| 1:11 | Build | Barracks |
| 1:29 | Create | Villager (Male) |
| 2:21 | Create | Unit 2550 |
| 2:26 | Create | Villager (Male) |
| 2:50 | Create | Villager (Male) |
| 2:50 | Create | Villager (Male) |
| 3:13 | Create | Unit 2550 |
| 3:23 | Create | Villager (Male) |
| 3:34 | Create | Villager (Male) |
| 3:45 | Create | Unit 2550 |
| 4:14 | Create | Villager (Male) |
| 4:14 | Create | Villager (Male) |
| 4:16 | Build | House |
| 4:27 | Create | Villager (Male) |
| 4:46 | Create | Unit 2550 |
| 5:00 | Create | Villager (Male) |
| 5:17 | Build | House |
| 5:19 | Create | Villager (Male) |
| 5:44 | Create | Villager (Male) |
| 6:17 | Create | Villager (Male) |
| 6:28 | Create | Villager (Male) |
| 6:42 | Build | Settlement |
| 6:50 | Create | Villager (Male) |
| 7:27 | Create | Villager (Male) |
| 7:55 | Create | Villager (Male) |
| 8:11 | Create | Villager (Male) |
| 8:22 | Build | Settlement |
| 8:55 | Create | Villager (Male) |
| 9:17 | Research | Loom |
| 9:21 | Build | Farm |
| 9:31 | Build | Farm |
| 9:41 | Create | Villager (Male) |
| 9:45 | Create | Villager (Male) |
| 10:11 | Build | Farm |
| 10:12 | Research | Feudal Age |
| 10:42 | Build | Farm |
| 10:43 | Build | Farm |
| 10:57 | Create | Unit 2550 |
| 11:16 | Build | Settlement |
| 11:19 | Create | Unit 2550 |
| 11:39 | Build | House |
| 11:41 | Build | Palisade Wall |
| 11:43 | Create | Unit 2550 |
| 12:22 | Age | Feudal Age |
| 12:26 | Research | Tech 1402 |
| 12:27 | Research | Arson |
| 12:27 | Create | Villager (Male) |
| 12:29 | Research | Double-Bit Axe |
| 12:30 | Research | Horse Collar |
| 12:32 | Create | Villager (Male) |
| 12:45 | Build | Watch Tower |
| 12:56 | Create | Villager (Male) |
| 13:00 | Build | House |
| 13:02 | Build | Palisade Wall |
| 13:18 | Build | Farm |
| 13:20 | Build | Farm |
| 13:40 | Create | Villager (Male) |
| 13:57 | Build | Watch Tower |
| 14:04 | Build | Watch Tower |
| 14:08 | Create | Villager (Male) |
| 14:12 | Build | Farm |
| 14:13 | Build | Farm |
| 14:14 | Create | Villager (Male) |
| 14:18 | Build | Farm |
| 14:20 | Create | Villager (Male) |
| 14:25 | Build | Farm |
| 14:34 | Create | Unit 2550 |
| 14:40 | Create | Villager (Male) |
| 14:59 | Build | Blacksmith |
| 15:16 | Create | Villager (Male) |
| 15:34 | Create | Villager (Male) |
| 15:47 | Build | Settlement |
| 16:31 | Research | Scale Mail Armor |
| 16:36 | Build | House |
| 16:39 | Create | Villager (Male) |
| 16:46 | Build | House |
| 17:05 | Create | Villager (Male) |
| 17:10 | Build | Market |
| 17:25 | Build | Watch Tower |
| 17:35 | Build | Watch Tower |
| 17:44 | Build | Watch Tower |
| 17:50 | Create | Villager (Male) |
| 18:12 | Build | House |
| 18:12 | Build | House |
| 18:18 | Research | Castle Age |
| 18:19 | Research | Castle Age |
| 18:43 | Research | Fletching |
| 18:43 | Research | Fletching |
| 19:11 | Build | Farm |
| 19:12 | Build | Farm |
| 19:13 | Build | Farm |
| 19:16 | Create | Unit 2550 |
| 19:22 | Build | Farm |
| 19:29 | Create | Unit 2550 |
| 19:56 | Create | Unit 2550 |
| 20:02 | Build | Barracks |
| 20:04 | Build | Farm |
| 20:10 | Build | Watch Tower |
| 20:17 | Build | Farm |
| 20:20 | Create | Unit 2550 |
| 20:32 | Build | Farm |
| 20:37 | Create | Unit 2550 |
| 20:58 | Age | Castle Age |
| 21:03 | Research | Squires |
| 21:04 | Research | Squires |
| 21:05 | Create | Villager (Male) |
| 21:13 | Research | Bodkin Arrow |
| 21:28 | Create | Villager (Male) |
| 21:39 | Research | Tech 1351 |
| 21:39 | Research | Tech 1351 |
| 21:47 | Create | Villager (Male) |
| 21:57 | Build | Farm |
| 21:58 | Build | Farm |
| 22:06 | Create | Unit 2550 |
| 22:13 | Create | Villager (Male) |
| 22:18 | Create | Unit 2550 |
| 22:22 | Create | Villager (Male) |
| 22:34 | Create | Villager (Male) |
| 23:00 | Create | Villager (Male) |
| 23:05 | Build | Siege Workshop |
| 23:09 | Create | Unit 2550 |
| 23:17 | Build | Farm |
| 23:25 | Create | Unit 2550 |
| 23:36 | Create | Mangonel |
| 23:45 | Build | Watch Tower |
| 23:45 | Create | Villager (Male) |
| 23:50 | Build | University |
| 23:55 | Create | Unit 2550 |
| 24:00 | Create | Unit 2550 |
| 24:06 | Build | Palisade Wall |
| 24:08 | Build | Palisade Wall |
| 24:10 | Build | Palisade Wall |
| 24:12 | Build | Palisade Wall |
| 24:17 | Build | Palisade Wall |
| 24:22 | Create | Unit 2550 |
| 24:22 | Create | Unit 2550 |
| 24:23 | Create | Unit 2550 |
| 24:23 | Create | Unit 2550 |
| 24:37 | Create | Villager (Male) |
| 24:38 | Create | Villager (Male) |
| 24:44 | Create | Mangonel |
| 24:55 | Build | Farm |
| 25:12 | Research | Guard Tower (upgrade) |
Build order — shegin
First 150 of 396 actions detected
| 0:00 | Create | Villager (Male) |
| 0:01 | Create | Villager (Male) |
| 0:02 | Build | House |
| 0:08 | Create | Villager (Male) |
| 0:08 | Create | Villager (Male) |
| 0:17 | Build | House |
| 1:06 | Build | House |
| 1:23 | Create | Villager (Male) |
| 2:07 | Create | Villager (Male) |
| 2:16 | Create | Villager (Male) |
| 2:16 | Create | Villager (Male) |
| 2:44 | Build | Settlement |
| 2:45 | Create | Villager (Male) |
| 3:06 | Create | Villager (Male) |
| 3:07 | Create | Villager (Male) |
| 3:45 | Create | Villager (Male) |
| 4:08 | Create | Villager (Male) |
| 4:42 | Create | Villager (Male) |
| 4:56 | Create | Villager (Male) |
| 5:02 | Create | Villager (Male) |
| 5:16 | Create | Villager (Male) |
| 5:25 | Build | Settlement |
| 5:42 | Create | Villager (Male) |
| 6:44 | Create | Villager (Male) |
| 7:00 | Research | Loom |
| 7:15 | Build | Settlement |
| 7:52 | Research | Feudal Age |
| 8:11 | Build | Palisade Wall |
| 10:06 | Create | Villager (Male) |
| 10:07 | Create | Villager (Male) |
| 10:08 | Age | Feudal Age |
| 10:18 | Build | Market |
| 10:44 | Create | Villager (Male) |
| 11:01 | Create | Villager (Male) |
| 11:18 | Build | Blacksmith |
| 11:37 | Create | Villager (Male) |
| 11:39 | Build | House |
| 12:01 | Research | Castle Age |
| 12:09 | Build | Settlement |
| 12:35 | Build | Palisade Wall |
| 12:37 | Build | Palisade Wall |
| 12:49 | Build | Palisade Wall |
| 12:51 | Build | Palisade Wall |
| 12:53 | Build | Palisade Wall |
| 12:55 | Build | Palisade Wall |
| 13:24 | Build | Farm |
| 13:26 | Build | Farm |
| 13:29 | Build | Farm |
| 13:37 | Build | Palisade Wall |
| 13:39 | Build | Palisade Wall |
| 13:41 | Build | Palisade Wall |
| 13:54 | Build | Farm |
| 14:16 | Build | Farm |
| 14:46 | Create | Villager (Male) |
| 14:53 | Age | Castle Age |
| 14:54 | Build | Monastery |
| 15:05 | Create | Villager (Male) |
| 15:17 | Build | Watch Tower |
| 15:19 | Create | Villager (Male) |
| 15:27 | Create | Villager (Male) |
| 15:36 | Create | Monk |
| 15:36 | Create | Monk |
| 15:53 | Create | Villager (Male) |
| 16:00 | Build | House |
| 16:01 | Build | House |
| 16:11 | Create | Villager (Male) |
| 16:15 | Create | Monk |
| 16:41 | Create | Monk |
| 17:06 | Create | Villager (Male) |
| 17:25 | Create | Villager (Male) |
| 17:48 | Create | Villager (Male) |
| 18:00 | Build | Town Center |
| 18:08 | Create | Villager (Male) |
| 18:33 | Build | House |
| 18:35 | Build | House |
| 19:15 | Build | Settlement |
| 19:15 | Create | Villager (Male) |
| 19:16 | Create | Villager (Male) |
| 19:16 | Create | Villager (Male) |
| 19:16 | Create | Villager (Male) |
| 19:18 | Create | Villager (Male) |
| 19:54 | Create | Villager (Male) |
| 19:56 | Build | Farm |
| 20:05 | Build | Farm |
| 20:06 | Build | Farm |
| 20:22 | Research | Sanctity |
| 20:22 | Create | Monk |
| 20:27 | Build | Farm |
| 20:30 | Build | Farm |
| 20:43 | Build | Farm |
| 20:51 | Create | Villager (Male) |
| 21:02 | Create | Monk |
| 21:03 | Create | Villager (Male) |
| 21:03 | Create | Villager (Male) |
| 21:14 | Build | Monastery |
| 21:23 | Create | Villager (Male) |
| 21:40 | Create | Villager (Male) |
| 21:44 | Build | House |
| 21:44 | Build | House |
| 21:45 | Build | House |
| 21:50 | Create | Monk |
| 21:50 | Create | Monk |
| 21:53 | Create | Monk |
| 21:53 | Create | Monk |
| 21:58 | Research | Fervor |
| 22:28 | Create | Monk |
| 22:28 | Create | Monk |
| 22:29 | Create | Villager (Male) |
| 22:56 | Create | Villager (Male) |
| 22:57 | Build | Farm |
| 22:58 | Build | Farm |
| 22:59 | Create | Villager (Male) |
| 23:10 | Create | Villager (Male) |
| 23:11 | Create | Monk |
| 23:11 | Create | Monk |
| 23:15 | Create | Villager (Male) |
| 23:20 | Build | Siege Workshop |
| 23:31 | Create | Monk |
| 23:31 | Create | Monk |
| 23:33 | Build | Farm |
| 23:40 | Create | Villager (Male) |
| 23:55 | Create | Monk |
| 23:55 | Create | Monk |
| 23:56 | Create | Villager (Male) |
| 23:56 | Create | Villager (Male) |
| 23:59 | Create | Battering Ram |
| 24:20 | Create | Villager (Male) |
| 24:39 | Create | Villager (Male) |
| 24:45 | Create | Mangonel |
| 24:46 | Create | Villager (Male) |
| 24:57 | Build | Town Center |
| 25:14 | Create | Villager (Male) |
| 25:22 | Create | Villager (Male) |
| 26:08 | Create | Mangonel |
| 26:09 | Create | Villager (Male) |
| 26:09 | Create | Villager (Male) |
| 26:18 | Create | Villager (Male) |
| 26:19 | Create | Battering Ram |
| 26:35 | Build | Farm |
| 26:36 | Build | Farm |
| 26:41 | Research | Redemption |
| 26:41 | Create | Villager (Male) |
| 27:06 | Create | Villager (Male) |
| 27:29 | Create | Villager (Male) |
| 27:29 | Create | Villager (Male) |
| 27:30 | Create | Villager (Male) |
| 27:55 | Create | Villager (Male) |
| 28:22 | Create | Villager (Male) |
| 28:32 | Create | Monk |
| 28:33 | Create | Monk |
Match timeline
| 1:11 | EbolasRider · first_building Barracks |
| 8:11 | shegin · wall_segment Palisade Wall x1 |
| 10:08 | shegin · age_up feudal |
| 11:41 | EbolasRider · wall_segment Palisade Wall x3 |
| 11:59 | shegin · first_market_sell 100 stone |
| 12:22 | EbolasRider · age_up feudal |
| 12:35 | shegin · wall_segment Palisade Wall x1 |
| 12:37 | shegin · wall_segment Palisade Wall x1 |
| 12:49 | shegin · wall_segment Palisade Wall x1 |
| 12:51 | shegin · wall_segment Palisade Wall x1 |
| 12:53 | shegin · wall_segment Palisade Wall x1 |
| 12:55 | shegin · wall_segment Palisade Wall x1 |
| 13:02 | EbolasRider · wall_segment Palisade Wall x7 |
| 13:37 | shegin · wall_segment Palisade Wall x1 |
| 13:39 | shegin · wall_segment Palisade Wall x1 |
| 13:41 | shegin · wall_segment Palisade Wall x1 |
| 14:19 | shegin · first_market_buy 100 food |
| 14:53 | shegin · age_up castle |
| 14:54 | shegin · first_building Monastery |
| 18:18 | EbolasRider · first_market_buy 100 food |
| 20:58 | EbolasRider · age_up castle |
| 23:05 | EbolasRider · first_building Siege Workshop |
| 23:20 | shegin · first_building Siege Workshop |
| 24:06 | EbolasRider · wall_segment Palisade Wall x1 |
| 24:08 | EbolasRider · wall_segment Palisade Wall x1 |
| 24:10 | EbolasRider · wall_segment Palisade Wall x1 |
| 24:12 | EbolasRider · wall_segment Palisade Wall x1 |
| 24:17 | EbolasRider · wall_segment Palisade Wall x1 |
| 29:04 | EbolasRider · first_building Monastery |
| 30:41 | EbolasRider · first_building Castle |
| 36:30 | shegin · first_building Castle |
| 36:39 | EbolasRider · first_market_sell 100 stone |
| 38:52 | shegin · age_up imperial |
| 40:16 | EbolasRider · age_up imperial |
| 45:00 | shegin · resign |
[ AI ANALYSIS · 1 CREDIT ]
What really happened in this match?
Wolo.gg analyzes every decision: build order, eco, micro, common mistakes by bracket. Personalized analysis on WhatsApp or Discord in 30 seconds.
Civ guide
Tupi
Perfil
Jugador #4943664